 Dungeon Crawl Stone Soup version 0.30-a0-757-ga6a79fd877 (webtiles) character file.

Game seed: 15756453949474258651

106 bmack86 the Trooper (level 4, -2/40 HPs)
             Began as a Minotaur Fighter on Feb 10, 2023.
             Killed by nerve-wracking pain
             ... invoked by an orc priest
              (12 damage)
             ... on level 4 of the Dungeon.
             The game lasted 00:09:17 (2247 turns).

bmack86 the Trooper (Minotaur Fighter)              Turns: 2247, Time: 00:09:18

Health: -2/40      AC: 11    Str: 22    XL:     4   Next: 55%
Magic:  0/3        EV:  9    Int:  5    God:
Gold:   124        SH:  4    Dex: 10    Spells: 3/3 levels left

rFire   . . .      SeeInvis .    a - +0 war axe
rCold   . . .      Faith    .    c - +0 buckler
rNeg    . . .      Spirit   +    b - +0 scale mail
rPois   .          Reflect  .    (helmet restricted)
rElec   .          Harm     .    o - +0 cloak
rCorr   .          Rampage  .    j - +2 pair of gloves
Will    .....                    (no boots) Stlth
                                 p - amulet of guardian spirit
HPRegen 0.26/turn                (no ring)
MPRegen 0.08/turn                (no ring)

@: mighty
A: horns 2, retaliatory headbutt
a: no special abilities


You were on level 4 of the Dungeon.
You visited 1 branch of the dungeon, and saw 4 of its levels.

You collected 124 gold pieces.

Inventory:

Hand Weapons
 a - a +0 war axe (weapon)
 x - a +2 heavy war axe
Missiles
 e - 3 javelins
 k - 3 boomerangs (quivered)
 s - 12 poisoned darts
 v - a throwing net
Armour
 b - a +0 scale mail (worn)
 c - a +0 buckler (worn)
 j - a +2 pair of gloves (worn)
 o - a +0 cloak (worn)
Jewellery
 p - an amulet of guardian spirit (around neck)
 y - a ring of wizardry
Wands
 m - a wand of flame (12)
Scrolls
 t - a scroll of brand weapon {unknown}
 z - a scroll of identify
Potions
 d - a potion of might
 f - a potion of brilliance
 g - 2 potions of curing {unknown}
 l - a potion of haste {unknown}
 n - 2 potions of heal wounds {unknown}
 q - 3 potions of mutation
 u - a potion of degeneration {unknown}
 w - a potion of attraction {unknown}


   Skills:
 + Level 4.2 Fighting
 * Level 3.9 Axes
 + Level 1.5 Throwing
 + Level 4.1 Armour
 + Level 4.2 Shields


You had 3 spell levels left.
You didn't know any spells.
Your spell library was empty.

Dungeon Overview and Level Annotations

Branches:
Dungeon (4/15)
 Temple: D:4-7

Altars:

Annotations:
D:2 1 runed translucent door, Crazy Yiuf


Innate Abilities, Weirdness & Mutations

You have a pair of horns on your head.
You reflexively headbutt those who attack you in melee.


Message History

The orc barely misses you. You furiously retaliate!
You headbutt the orc!
You kill the orc!
The adder barely misses you. You furiously retaliate!
You headbutt the adder!!
You kill the adder!
The orc priest calls down the wrath of Beogh upon you.
Beogh smites you!
You closely miss the orc. Your headbutt misses the orc.
A giant cockroach comes into view.
You closely miss the orc. Your headbutt misses the orc.
You barely miss the orc. You slash the orc!
You kill the orc!
The orc barely misses you. The orc hits you but does no damage.
You hit the orc. Your headbutt misses the orc.
The orc is lightly wounded.
You hit the iguana. You hit the orc. You block the orc's attack.
The orc hits you with a +0 short sword. You block the iguana's attack.
The orc priest hits you with a +3 dagger of electrocution.
The orc hits you but does no damage.
The iguana bites you but does no damage.
The orc closely misses you. You furiously retaliate!
You headbutt the orc!
You kill the orc!
You block the giant cockroach's attack. The iguana closely misses you.
The orc hits you but does no damage. The orc priest completely misses you.
Things that are here:
a +0 short sword; 2 boomerangs You slash the giant cockroach!
You kill the giant cockroach!
You hit the orc.
You kill the orc!
You slash the orc priest! You hit the iguana. The iguana bites you.
The orc priest hits you with a +3 dagger of electrocution.
You are electrocuted!
* * * LOW HITPOINT WARNING * * *
You hit the orc priest.
You headbutt the orc priest, but do no damage.
The orc priest is severely wounded.
You hit the iguana. The iguana closely misses you.
The orc priest mumbles some strange prayers to Beogh against you.
Pain shoots through your body!
You die...

...########
............
#.........
#.........
.##.......#
........#.#####
.......†#......
......o@)..#
......l....#
........†..#
......./...#
.............
...=...........
#######........#
#........#
#........#


You could see an iguana and an orc priest.

Vanquished Creatures
  2 adders
  5 dart slugs
  4 orcs (D:4)
  5 ball pythons
  8 endoplasms
  2 giant cockroaches
  4 goblins
  3 hobgoblins
  5 jackals
  4 quokkas
  7 bats
  4 frilled lizards (D:3)
  6 kobolds
  8 rats
67 creatures vanquished.

Notes
Turn   | Place    | Note
-------+----------+-------------------------------------------
     0 | D:1      | bmack86 the Minotaur Fighter began the quest for the Orb.
     0 | D:1      | Reached XP level 1. HP: 19/19 MP: 0/0
   103 | D:1      | Reached XP level 2. HP: 27/27 MP: 1/1
   464 | D:1      | Reached XP level 3. HP: 33/33 MP: 2/2
   629 | D:2      | Found a faded altar of an unknown god.
   640 | D:2      | Reached skill level 1 in Throwing
  1143 | D:2      | Found a runed translucent door.
  1144 | D:2      | Noticed Crazy Yiuf
  1570 | D:3      | Reached XP level 4. HP: 39/40 MP: 3/3
  2247 | D:4      | Killed from afar by an orc priest

Illustrated notes

Levels and vault maps discovered:
D:1:      spicycebolla_arrival_xxxplode, layout_basic
D:2:      layout_basic, hellmonk_ecumenical_altar_blasted,
          uniq_crazy_yiuf_cottage
D:3:      layout_basic
D:4:      layout_basic, uniq_ijyb

Skill      XL: |  1  2  3 |
---------------+----------+-----
Axes           | 3 |  3.9
Fighting       | 4 |  4.2
Throwing       | 1 |  1.5
Armour         | 4 |  4.1
Shields        | 4 |  4.2

Action                     |  1- 3 |  4- 6 || total
---------------------------+-------+-------++-------
  Melee: War axe           |    93 |    15 ||   108
         Headbutt          |    11 |     4 ||    15
  Throw: Boomerang         |       |     1 ||     1
    Use: Scroll            |     4 |     3 ||     7
         Potion            |       |     1 ||     1
 Armour: Scale mail        |    52 |     8 ||    60
  Dodge: Dodged            |    46 |    14 ||    60
  Block: Buckler           |    16 |     7 ||    23

Table legend: (Time is in decaauts)
 A = Elapsed time spent in this place.
 B = Non-inter-level travel time spent in this place.
 C = Inter-level travel time spent in this place.
 D = Time resting spent in this place.
 E = Time spent auto-exploring this place.
 F = Levels seen in this place.
 G = Mean time per level.
                   A        B        C        D        E       F      G
               +--------+--------+--------+--------+--------+-----+--------+
         Total |   2287 |   2213 |     74 |      0 |   1509 |   4 |  571.8 |
       Dungeon |   2287 |   2213 |     74 |      0 |   1509 |   4 |  571.8 |
               +--------+--------+--------+--------+--------+-----+--------+

Top non-repeatable levels by time:
     D:2: 833 daAuts
     D:3: 795 daAuts
     D:1: 644 daAuts
     D:4: 14 daAuts
